 Dungeon Crawl Stone Soup version 0.18-a0-373-gaf408bd (webtiles) character file.

110 zero the Chopper (level 4, -8/39 HPs)
             Began as a Minotaur Berserker on Nov 29, 2015.
             Was a Believer of Trog.
             Killed from afar by an orc wizard (11 damage)
             ... with a puff of flame
             ... on level 3 of the Dungeon.
             The game lasted 00:01:55 (1442 turns).

zero the Chopper (Minotaur Berserker)               Turns: 1442, Time: 00:01:56

Health: -8/39      AC:  5    Str: 23    XL:     4   Next: 61%
Magic:  3/3        EV: 11    Int:  4    God:    Trog [**....]
Gold:   105        SH:  0    Dex:  9    Spells: 0 memorised, 3 levels left

rFire  . . .     SeeInvis .     a - +0 hand axe
rCold  . . .     Clarity  .     k - +0 ring mail
rNeg   . . .     SustAt   .     (no shield)
rPois  .         Gourm    .     (helmet restricted)
rElec  .         Spirit   .     (no cloak)
rCorr  .         Warding  .     (no gloves)
rMut   .         Stasis   .     (no boots)
MR     ++...                    (no amulet)
Stlth  ..........               (no ring)
                                (no ring)

@: exhausted, regenerating, slowed, very slow, very resistant to hostile
enchantments, extremely unstealthy
A: retaliatory headbutt, horns 2
a: Berserk, Trog's Hand, Burn Spellbooks, Renounce Religion


You were on level 3 of the Dungeon.
You worshipped Trog.
Trog was pleased with you.
You were not hungry.

You visited 1 branch of the dungeon, and saw 3 of its levels.

You collected 105 gold pieces.

Inventory:

Hand Weapons
 a - a +0 hand axe (weapon)
Missiles
 e - 6 silver javelins (quivered)
Armour
 k - a +0 ring mail (worn)
Scrolls
 b - 2 scrolls of remove curse {unknown}
 f - 2 scrolls of fear {unknown}
 h - a scroll of blinking {unknown}
 j - a scroll of identify {unknown}
 l - a scroll of enchant armour {unknown}
 m - 2 scrolls of magic mapping {unknown}
 p - a scroll of recharging {unknown}
Potions
 n - a potion of flight {unknown}
 o - a potion of magic {unknown}
Comestibles
 c - 4 bread rations
 g - a meat ration


   Skills:
 - Level 3.6 Fighting
 + Level 6.5 Axes
 - Level 2.4 Armour
 - Level 2.1 Dodging


You had 3 spell levels left.
You didn't know any spells.

Dungeon Overview and Level Annotations

Branches:
Dungeon (3/15)

Altars:
Trog


Innate Abilities, Weirdness & Mutations

You reflexively headbutt those who attack you in melee.
You have a pair of horns on your head.


Message History

* * * LOW HITPOINT WARNING * * *
Something hits you but does no damage.
The orc wizard points at you and mumbles some strange words.
The magic dart hits you!
* * * LOW HITPOINT WARNING * * *
You hit something but do no damage. You hit the orc wizard.
The orc wizard is almost dead.
You hear some strange, mumbled words.
A magic dart appears from out of thin air!
The magic dart hits you!
* * * LOW HITPOINT WARNING * * *
The orc wizard hits you but does no damage.
Something hits you.
* * * LOW HITPOINT WARNING * * *
You barely miss something. You headbutt something.
You closely miss the orc wizard.
The orc wizard is almost dead.
The orc wizard casts a spell at you. The puff of flame hits you!
You die...

#<# ###.#
#.#.# #...#
#.### #.#
#.#
##'#####
#@{)...#
#.o....#
#......#
..........
###.#######
#.# #.# #.#


You could see an orc wizard.

Vanquished Creatures
  An orc wizard (D:3)
  3 adders (D:2)
  An ooze (D:2)
  A worm (D:2)
  A giant gecko (D:1)
  10 bats
  5 hobgoblins
  6 jackals
  A ball python (D:3)
  2 giant cockroaches
  3 giant newts (D:1)
  4 goblins
  5 kobolds
  8 rats
51 creatures vanquished.

Notes
Turn   | Place    | Note
--------------------------------------------------------------
     0 | D:1      | zero the Minotaur Berserker began the quest for the Orb.
     0 | D:1      | Reached XP level 1. HP: 19/19 MP: 0/0
    71 | D:1      | Reached skill level 4 in Axes
    76 | D:1      | Reached XP level 2. HP: 24/26 MP: 1/1
   272 | D:1      | Reached ** piety under Trog
   376 | D:1      | Reached skill level 5 in Axes
   603 | D:1      | Reached XP level 3. HP: 26/31 MP: 2/2
   954 | D:2      | Reached XP level 4. HP: 39/39 MP: 3/3
  1062 | D:2      | Reached skill level 6 in Axes
  1097 | D:2      | Found a faded altar to an unknown god.
  1112 | D:2      | Found a bloodstained altar of Trog.
  1441 | D:3      | HP: 1/39 [something (2)]
  1442 | D:3      | Killed from afar by an orc wizard

Vault maps used:
D:1:      lightli_arrival_windingriver
D:2:      lemuel_crystal_altar, ecumenical_altar_1, first_bread
D:3:      grunt_qazlal_sundering, okawaru_trees_2

Action                   |  1- 3 |  4- 6 || total
-------------------------+-------+-------++-------
Melee: Hand axe          |    70 |    30 ||   100
Invok: Berserk           |       |     1 ||     1
       Trog's Hand       |       |     1 ||     1
  Eat: Pizza             |       |     1 ||     1
       Chunk             |       |     1 ||     1
